 Dungeon Crawl Stone Soup version 0.17.2-1-ge4368a0 (webtiles) character file.

172 magipi the Bolt Thrower (level 5, -3/42 HPs)
             Began as a Minotaur Hunter on Nov 16, 2017.
             Shot with an arrow by a centaur (9 damage)
             ... on level 6 of the Dungeon.
             The game lasted 00:10:11 (2154 turns).

magipi the Bolt Thrower (Minotaur Hunter)           Turns: 2154, Time: 00:10:12

Health: -3/42      AC:  3    Str: 16      XL:     5   Next: 27%
Magic:  4/4        EV: 12    Int:  8      God:
Gold:   111        SH:  0    Dex: 11 (12) Spells: 0 memorised, 4 levels left

rFire  + . .     SeeInvis .     b - +0 short sword
rCold  + . .     Clarity  .     c - +0 leather armour
rNeg   . . .     SustAt   .     (no shield)
rPois  +         Gourm    .     (helmet restricted)
rElec  +         Spirit   .     (no cloak)
rCorr  +         Warding  .     (no gloves)
rMut   .         Stasis   .     (no boots)
MR     .....                    (no amulet)
Stlth  +.........               (no ring)
                                (no ring)

@: resistant, flying, very slightly contaminated, invisible, not resistant to
hostile enchantments, very unstealthy
A: retaliatory headbutt, horns 2
a: no special abilities


You were on level 6 of the Dungeon.
You were not hungry.

You visited 1 branch of the dungeon, and saw 4 of its levels.

You collected 111 gold pieces.

Inventory:

Hand Weapons
 a - a +1 hand crossbow
 b - a +0 short sword (weapon)
Missiles
 A - 9 bolts
Armour
 c - a +0 leather armour (worn)
 k - a +3 ring mail
   (You found it on level 1 of the Dungeon)
Jewellery
 m - a +6 ring of dexterity {unknown}
   (You found it on level 2 of the Dungeon)
 t - an uncursed amulet of stasis {unknown}
   (You found it on level 2 of the Dungeon)
 y - a cursed amulet of resist corrosion {unknown}
   (You found it on level 3 of the Dungeon)
Scrolls
 g - 4 scrolls of remove curse {unknown}
 i - 4 scrolls of identify {unknown}
 n - 2 scrolls of recharging {unknown}
 o - a scroll of magic mapping {unknown}
 s - a scroll of fog {unknown}
Potions
 h - 2 potions of curing
 l - a potion of invisibility
 q - a potion of might {unknown}
 r - a potion of resistance
 u - a potion of flight
 v - a potion of mutation {unknown}
 x - a potion of haste {unknown}
 B - a potion of cancellation {unknown}
Comestibles
 d - 2 chunks of flesh
 e - 2 bread rations
 f - 2 meat rations
 w - 2 fruits
 z - a slice of pizza


   Skills:
 - Level 2.4 Fighting
 + Level 7.2 Crossbows
 - Level 2.1 Dodging
 - Level 0.7 Stealth


You had 4 spell levels left.
You didn't know any spells.

Dungeon Overview and Level Annotations

Branches:
Dungeon (6/15)
 Temple: D:4-7

Altars:
Elyvilon


Innate Abilities, Weirdness & Mutations

You reflexively headbutt those who attack you in melee.
You have a pair of horns on your head.


Message History

A - 11 bolts (gained 1)
A - 12 bolts (gained 1)
There is a stone staircase leading up here.
a - a +1 hand crossbow (weapon)
Found a stone staircase leading down.
Search for what [Enter for "wea", or ? for help]? wea
There is an open door here.
You fall through a shaft for 3 floors!
The shaft crumbles and collapses.
Found a wooden wand and a leather armour.
Found a stone staircase leading down.
Unknown command.
A hound comes into view.
Firing (i - inventory):
A - 12 bolts (quivered)
Press: ? - help, Shift-Dir - straight line, f - hound
Aim: a hound (resting)
You shoot a bolt.
The bolt hits the hound but does no damage.
The hound barks!
An orc and a centaur come into view.
The centaur shouts!
Firing (i - inventory):
A - 11 bolts (quivered)
Press: ? - help, Shift-Dir - straight line, f/p - hound
Aim: a hound You shoot a bolt.
The bolt hits the hound!
The hound is heavily wounded.
Firing (i - inventory):
A - 10 bolts (quivered)
Press: ? - help, Shift-Dir - straight line, f/p - hound
Aim: a hound (heavily wounded)
You shoot a bolt. The orc shouts!
The bolt hits the hound.
The hound is severely wounded.
b - a +0 short sword (weapon)
The hound bites you.
You closely miss the hound.
The hound is severely wounded.
The hound bites you. x2
The centaur hits you!
An ogre comes into view. It is wielding a giant spiked club.
Drink which item? (? for menu, Esc to quit)
It was a potion of curing.
You feel better. The hound closely misses you. The centaur closely misses you.
Unknown command.
Drink which item? (? for menu, Esc to quit)
It was a potion of invisibility.
You fade into invisibility!
The ogre shouts!
The hound bites you. The centaur hits you. The hound misses you.
The centaur closely misses you. You furiously retaliate!
You headbutt the centaur.
You are very lightly contaminated with residual magic.
Unknown command.
You hit the centaur.
The centaur is moderately wounded.
The hound barely misses you. The centaur hits you.
A giant gecko comes into view.
You closely miss the centaur.
The centaur is moderately wounded.
The hound closely misses you.
The centaur hits you but does no damage.
The hound bites you. The centaur closely misses you. You furiously retaliate!
You headbutt the centaur.
Unknown command.
You closely miss the centaur.
The centaur is heavily wounded.
The centaur closely misses you. The hound bites you. The hound bites you.
The centaur barely misses you.
Unknown command.
You miss the orc. The hound closely misses you. The orc misses you.
Unknown command.
You barely miss the orc. The hound closely misses you. The orc misses you.
The hound completely misses you.
Unknown command.
Drink which item? (? for menu, Esc to quit)
It was a potion of resistance.
You feel protected. The hound bites you.
* * * LOW HITPOINT WARNING * * *
The centaur wields a shortbow.
The centaur shoots an arrow.
The arrow closely misses the orc.
The orc misses you.
Unknown command.
The hound bites you.
* * * LOW HITPOINT WARNING * * *
The centaur shoots an arrow.
The arrow hits the orc.
The hound barely misses you.
Drink which item? (? for menu, Esc to quit)
It was a potion of flight.
You feel very buoyant.
You fly up into the air.
The hound misses you.
Drink which item? (? for menu, Esc to quit)
It was a potion of degeneration.
There was something very wrong with that liquid.
You feel clumsy. The hound completely misses you. The hound bites you.
* * * LOW HITPOINT WARNING * * *
Drink which item? (? for menu, Esc to quit)
It was a potion of poison.
You feel slightly nauseous.
The centaur shoots an arrow.
The arrow hits you!
You die...

⌠..............#
...............#
...............#
.../...........#
........l......#
.......Oo......#
.........c(.[..#
(.....(.(h.....#
o.........@...(#
...............#
...............#
...............#
..............#
.............#
#############


You could see an ogre, a centaur, a hound, an orc and a giant gecko (wandering).

Vanquished Creatures
  2 orc priests
  An orc wizard (D:3)
  2 adders (D:2)
  3 worms (D:2)
  3 orcs
  A ball python (D:2)
  2 giant cockroaches
  10 goblins
  5 hobgoblins
  8 kobolds
  7 bats
  3 giant newts
  7 jackals (D:1)
  6 rats
60 creatures vanquished.

Notes
Turn   | Place    | Note
--------------------------------------------------------------
     0 | D:1      | magipi the Minotaur Hunter began the quest for the Orb.
     0 | D:1      | Reached XP level 1. HP: 18/18 MP: 0/0
   103 | D:1      | Reached XP level 2. HP: 22/25 MP: 1/1
   185 | D:1      | Reached skill level 5 in Crossbows
   551 | D:1      | Reached XP level 3. HP: 30/30 MP: 2/2
   975 | D:2      | Found a white marble altar of Elyvilon.
   988 | D:2      | Reached skill level 6 in Crossbows
  1145 | D:2      | Reached XP level 4. HP: 37/37 MP: 3/3
  1615 | D:3      | Reached skill level 7 in Crossbows
  1615 | D:3      | Reached XP level 5. HP: 6/42 MP: 4/4
  2131 | D:3      | You fall through a shaft for 3 floors!
  2136 | D:6      | Noticed a centaur
  2143 | D:6      | Noticed an ogre
  2154 | D:6      | Shot with an arrow by a centaur

Action                   |  1- 3 |  4- 6 || total
-------------------------+-------+-------++-------
Melee: Short sword       |    50 |    24 ||    74
 Fire: Hand crossbow     |    51 |    27 ||    78
  Use: Potion            |       |     6 ||     6
  Eat: Fruit             |       |     2 ||     2
       Chunk             |       |     2 ||     2
